 Dungeon Crawl Stone Soup version 0.31.0-32-g396128a36d (webtiles) character file.

Game seed: 1847803802955451996

73 Alphaeus the Ruffian (level 4, -10/27 (29) HPs)
             Began as an Octopode Shapeshifter on Mar 19, 2024.
             Mangled by Crazy Yiuf
             ... wielding a +3 quarterstaff of chaos
              (20 damage)
             ... on level 2 of the Dungeon.
             The game lasted 00:01:28 (1429 turns).

Alphaeus the Ruffian (Octopode Shapeshifter)        Turns: 1429, Time: 00:01:28

HP:   -10/27 (29)   AC:  1    Str: 15    XL:     4   Next: 27%
MP:   4/4           EV: 13    Int: 12    God:
Gold: 103           SH:  4    Dex: 11    Spells: 3/3 levels left

rFire   . .          .
                       - Unarmed
rCold   . . .        h - +0 buckler
rNeg    . . .        (helmet currently unavailable)
rPois   .            (no amulet)
rElec   .            (no ring)
rCorr   .            (no ring)
SInv    .            (no ring)
Will    .....        (no ring)
Stlth   ++           (no ring)
HPRegen 0.24/turn    (no ring)
MPRegen 0.09/turn    (no ring)
                     (no ring)

%: no passive effects
@: beast-form, drained
A: beast (slay +2), almost no armour, amphibious, 8 rings, camouflage 1,
gelatinous body 1, (nimble swimmer 1), tentacles
a: Begin Untransformation


You were on level 2 of the Dungeon.
You were a hulking beast.
You visited 1 branch of the dungeon, and saw 2 of its levels.

You collected 103 gold pieces.

Inventory:

Armour
 h - a +0 buckler (worn)
Jewellery
 e - a ring of protection from cold
 f - a ring of fire
 o - an amulet of the acrobat
Talismans
 b - a beast talisman
 c - a flux talisman
Scrolls
 g - 3 scrolls of teleportation {unknown}
 i - a scroll of brand weapon {unknown}
 j - 2 scrolls of enchant armour {unknown}
 l - a scroll of immolation {unknown}
 m - a scroll of blinking {unknown}
 n - a scroll of identify {unknown}
Potions
 a - a potion of lignification
 d - a potion of haste {unknown}
 k - a potion of enlightenment {unknown}


   Skills:
 + Level 1.7 Fighting
 + Level 2.5 Dodging
 + Level 0.8 Shields
 * Level 3.6 Unarmed Combat
 * Level 3.6 Shapeshifting


You had 3 spell levels left.
You didn't know any spells.
Your spell library was empty.

Dungeon Overview and Level Annotations

Branches:
Dungeon (2/15)

Altars:

Annotations:
D:2 Crazy Yiuf


Innate Abilities, Weirdness & Mutations

You are a hulking beast.
Your limbs bulge with bestial killing power. (Slay +2)
You cannot wear most types of armour.
You are amphibious.
You can wear up to eight rings at the same time.
Your skin changes colour to match your surroundings (Stealth+).
Your rubbery body absorbs attacks. (AC +1, EV +1)
((You are camouflaged when in or above water. (Stealth+)))
You have tentacles for arms and can constrict up to eight enemies at once.


Message History

You turn into a bat.
Your +0 buckler melds into your body.
You hit Crazy Yiuf but do no damage.
Crazy Yiuf is lightly wounded.
Crazy Yiuf completely misses you.
You closely miss Crazy Yiuf.
Crazy Yiuf is lightly wounded.
Crazy Yiuf says, "Mama!"
Crazy Yiuf closely misses you.
You hit Crazy Yiuf.
Crazy Yiuf is lightly wounded.
Crazy Yiuf screams, "Iron!
Rot unthinkable sanguine."
Crazy Yiuf misses you.
Crazy Yiuf screams, "Fire!"
Crazy Yiuf hits you with a +3 quarterstaff of chaos!
You feel drained.
You hit Crazy Yiuf.
Crazy Yiuf is moderately wounded.
Crazy Yiuf barely misses you. Crazy Yiuf completely misses you.
You hit Crazy Yiuf but do no damage.
Crazy Yiuf is moderately wounded.
Crazy Yiuf barely misses you.
You hit Crazy Yiuf.
Crazy Yiuf is heavily wounded.
Crazy Yiuf hits you with a +3 quarterstaff of chaos!
* * * LOW HITPOINT WARNING * * *
You hit Crazy Yiuf but do no damage.
Crazy Yiuf is heavily wounded.
Your transformation is almost over.
Crazy Yiuf sings, "Trees, trees, trees, circus!"
Crazy Yiuf is nearby!
You feel less batty.
Your +0 buckler unmelds from your body.
You turn into a hulking beast.
Crazy Yiuf zaps a wand.
You resist with some effort.
You tentacle-slap Crazy Yiuf. You grab Crazy Yiuf. You squeeze Crazy Yiuf.
Crazy Yiuf is severely wounded.
You constrict Crazy Yiuf, but do no damage.
Crazy Yiuf hits you with a +3 quarterstaff of chaos!!
Ouch! That really hurt!
You die...

#....#..#....# #.########.# #.
#.....###....# #.........(# #.
#......###...##################
#......#..#........(...........
#.....#....#..#........########
#...##.....#...........<.#
#............##........#.#
#..........####........#.#
#............gh........#.#
#........#####.........#.#
######....# #..........#.#
#'..+# #..........#.######
#PP..# #.#................
##PP.# #.#######..#.......
##.## #...#####..#######. ##.#
#..........# #. #.##
###.######.# #.


You could see Crazy Yiuf.

Vanquished Creatures
  3 adders (D:2)
  A dart slug (D:1)
  4 ball pythons
  7 endoplasms
  3 giant cockroaches
  3 goblins
  5 hobgoblins
  3 kobolds
  A quokka (D:1)
  4 bats
  5 frilled lizards (D:1)
  3 rats
42 creatures vanquished.

Notes
Turn   | Place    | Note
-------+----------+-------------------------------------------
     0 | D:1      | Alphaeus the Octopode Shapeshifter began the quest for the
                  | Orb.
     0 | D:1      | Reached XP level 1. HP: 13/13 MP: 1/1
   120 | D:1      | Reached XP level 2. HP: 16/18 MP: 2/2
   420 | D:1      | Reached XP level 3. HP: 23/23 MP: 3/3
   953 | D:2      | Reached XP level 4. HP: 27/29 MP: 4/4
  1126 | D:2      | Found a runed translucent door.
  1127 | D:2      | Noticed Crazy Yiuf
  1429 | D:2      | Mangled by Crazy Yiuf

Illustrated notes

Levels and vault maps discovered:
D:1:      dpeg_arrival_tiny_i, layout_loops_ring
D:2:      layout_basic, minmay_misc_feat_chi, uniq_crazy_yiuf_cottage

Action                     |  1- 3 |  4- 6 || total
---------------------------+-------+-------++-------
  Melee: Unarmed           |    65 |    27 ||    92
         Tentacles         |    12 |     3 ||    15
         Constrict         |    12 |     4 ||    16
         Punch             |     1 |     1 ||     2
   Stab: Sleeping          |     4 |       ||     4
 Armour: Skin              |    26 |    10 ||    36
  Dodge: Dodged            |    27 |    18 ||    45
  Block: Buckler           |     4 |     1 ||     5
